Cogmind - Beta 11.1 @@@ ROGUE MODE // 2022.05.14 @ 14:29:55 Player: Sara Result: Destroyed by G-34 Mercenary with Small Laser Performance ------------- Evolutions (1) 500 Regions Visited (3) 600 Robots Destroyed (97) 485 Value Destroyed (2414) 2414 Prototype IDs (3) 60 Alien Tech Used (0) 0 Bonus (311) 311 TOTAL SCORE: 4370 Bonus ------- High Alert Combat Kills 311 Cogmind --------- Core Integrity 0/400 Matter 300/300 Energy 100/100 System Corruption 0% Temperature Cool (6) Movement Rolling (90) Location -9/Storage Parts ------- > --- POWER (1) -------- (None) > --- PROPULSION (2) --- Armored Wheel Armored Wheel > --- UTILITY (4) ------ Medium Storage Unit Visual Processing Unit Signal Interpreter Improved Targeting Computer > --- WEAPON (2) ------- Minigun Minigun > --- INVENTORY (10) --- Wheel Wheel Hacking Suite Hacking Suite Minigun Minigun Datajack Peak State ------------ > --- POWER ------------ Cooled Ion Engine > --- PROPULSION ------- Armored Wheel Armored Wheel > --- UTILITY ---------- Medium Storage Unit Visual Processing Unit Signal Interpreter Improved Targeting Computer > --- WEAPON ----------- Minigun Minigun > --- INVENTORY -------- Cooled Ion Engine Wheel Wheel Weight Redist. System Hacking Suite Hacking Suite Minigun Minigun Minigun Minigun [Rating: 21] Favorites ----------- Power Ion Engine Engine Ion Engine Propulsion Wheel Wheel Wheel Utility Medium Storage Unit Device Sensor Array Storage Medium Storage Unit Processor Signal Interpreter Weapon Minigun Energy Gun Beam Rifle Energy Cannon Light EM Pulse Cannon Ballistic Gun Minigun Special Melee Weapon Datajack Build | -11 -10 -9 -9 ------- Run | Scr Mat Mat Sto Slots Evolved 2 | . . 2 . Power . | . . . . Propulsion . | . . . . Utility 2 | . . 2 . Weapon . | . . . . Parts Attached 48 | 5 11 22 10 Power 7 | 1 1 4 1 Engine 7 | 1 1 4 1 Core . | . . . . Reactor . | . . . . Propulsion 12 | 2 2 6 2 Treads . | . . . . Leg . | . . . . Wheel 12 | 2 2 6 2 Hover . | . . . . Flight . | . . . . Utility 8 | 1 4 2 1 Device 2 | . 2 . . Storage 3 | 1 2 . . Processor 3 | . . 2 1 Hackware . | . . . . Protection . | . . . . Artifact . | . . . . Weapon 21 | 1 4 10 6 Energy Gun 5 | . . 5 . Energy Cannon 1 | . . 1 . Ballistic Gun 14 | 1 4 4 5 Ballistic Cannon . | . . . . Launcher . | . . . . Special Weapon . | . . . . Impact Weapon . | . . . . Slashing Weapon . | . . . . Piercing Weapon . | . . . . Special Melee Weapon 1 | . . . 1 Unidentified Prototypes 2 | . . 2 . Parts Lost 14 | . 2 5 7 Power 3 | . . 1 2 Propulsion 6 | . 2 3 1 Utility 1 | . . . 1 Weapon 4 | . . 1 3 Highest Loss Streak 3 | . 2 2 3 To Critical Strikes . | . . . . Average Slot Usage (%) 97 | . 97 99 96 Engine 11 | . 13 11 10 Wheel 22 | . 27 21 21 Device 7 | . 11 11 1 Storage 11 | . 14 11 11 Processor 19 | . . 22 29 Energy Gun 3 | . . 9 . Ballistic Gun 19 | . 28 12 21 Naked Turns . | . . . . Heaviest Build 25 | 12 18 25 25 Greatest Support 26 | 26 26 22 24 Greatest Overweight (x) 3 | 3 . 2 1 Average Overweight (x) . | . . . . Largest Inventory Capacity 10 | 8 10 10 10 Average Capacity 9 | 7 8 10 10 Most Carried 10 | 7 8 10 10 Average Carried 8 | 5 7 9 9 Final Capacity 10 | 8 10 10 10 Final Carried 10 | 7 8 10 7 Class Distribution -------------------- 42% | Mutant 39% | Scavenger-Skirmisher 10% | Scavenger-Mutant 7% | Skirmisher Dominant Class ---------------- Mutant | -10/Materials Scavenger-Skirmisher | -9/Materials Mutant | -9/Storage Resources | -11 -10 -9 -9 ----------- Run | Scr Mat Mat Sto Matter Collected 1836 | 203 265 643 725 Remotely . | . . . . Salvage Created 3906 | . 402 2113 1391 Parts 249 | . 37 123 89 Haulers Intercepted 6 | . 2 3 1 Recyclers Shooed 3 | . . 1 2 Parts Field Recycled . | . . . . Retrieved Matter . | . . . . Parts Self-Destructed . | . . . . Prevented . | . . . . Kills | -11 -10 -9 -9 ------- Run | Scr Mat Mat Sto Combat Hostiles Destroyed 63 | . 8 30 25 Guns 62 | . 8 29 25 Classes Destroyed 10 | . 5 5 . Worker 9 | . 2 6 1 Builder 1 | . . 1 . Hauler 6 | . 2 3 1 Recycler 6 | . . 5 1 Operator 5 | . . 4 1 Watcher 7 | . 3 2 2 Swarmer 11 | . 6 5 . Grunt 29 | . 2 13 14 Brawler 3 | . . 2 1 Sentry 20 | . . 10 10 Best Kill Streak 11 | . 4 11 7 Combat Bots Only 7 | . 3 5 7 Max Kills in Single Turn 2 | . 1 2 1 Gunslinging 1 | . . 1 . Exploded . | . . . . Melee . | . . . . Uniques/NPCs Destroyed . | . . . . Combat | -11 -10 -9 -9 -------- Run | Scr Mat Mat Sto Damage Taken 2517 | . 456 852 1209 Core 548 | . 137 199 212 Absorbed by Shields . | . . . . Regen/Repaired (Parts) 267 | . 48 57 162 Core Remaining (%) 72 | 100 45 . . Volleys Fired 244 | . 40 120 84 Largest 2 | . 2 2 2 Hottest 112 | . 40 112 50 Shots Fired 485 | . 80 240 165 Gun 483 | . 80 238 165 Cannon 2 | . . 2 . Launcher . | . . . . Special . | . . . . Kinetic 357 | . 80 112 165 Thermal 122 | . . 122 . Explosive . | . . . . Electromagnetic 6 | . . 6 . Robot Hit Streak 30 | . 14 9 30 Robot Miss Streak 3 | . 2 3 3 Penetration Max . | . . . . Secondary Targets 6 | . . 3 3 Max Gunslinging Chain 1 | . . 1 1 Shots Hit Robots 311 | . 54 139 118 Core Hits 126 | . 25 62 39 Critical Kills 3 | . 1 1 1 Critical Parts Destroyed . | . . . . Critical Strikes 10 | . 1 8 1 Burn 7 | . . 7 . Destroy 3 | . 1 1 1 Melee Attacks 2 | . . . 2 Impact . | . . . . Slashing . | . . . . Piercing . | . . . . Sneak Attacks 2 | . . . 2 Combat Hostiles . | . . . . Follow-up Attacks . | . . . . Damage Inflicted 4936 | . 600 2224 2112 Guns 4902 | . 595 2195 2112 Cannons 25 | . . 25 . Explosions . | . . . . Melee . | . . . . Ramming 9 | . 5 4 . Kinetic 3834 | . 595 1127 2112 Thermal 1053 | . . 1053 . Explosive . | . . . . Electromagnetic 40 | . . 40 . Impact . | . . . . Slashing . | . . . . Piercing . | . . . . Highest Corruption . | . . . . Average Corruption . | . . . . Corruption Purged . | . . . . Corruption Blocked . | . . . . Overload Shots . | . . . . Overflow Damage . | . . . . Projectiles . | . . . . Explosions . | . . . . Melee . | . . . . Knockbacks 1 | . 1 . . Impact 1 | . 1 . . Kinetic . | . . . . Secondary . | . . . . Self-Inflicted Damage 4 | . 2 2 . Shots . | . . . . Rammed 2 | . 1 1 . Targets Rammed 2 | . 1 1 . Kicked . | . . . . Crushed . | . . . . Highest Temperature 288 | . 43 288 18 Average Temperature 63 | . 21 73 7 Received Heat Transfer 1017 | . 159 336 522 Siege Activations . | . . . . Robots Corrupted . | . . . . Combat Hostiles . | . . . . Parts Fried . | . . . . Impact Corruptions . | . . . . Robots Melted 1 | . . 1 . Combat Hostiles 1 | . . 1 . Parts Melted 11 | . . 11 . Heat Transferred 3034 | . . 3034 . Parts Sabotaged . | . . . . Parts Stolen . | . . . . Parts Stripped . | . . . . Power Chain Reactions . | . . . . Missiles Intercepted . | . . . . Alert | -11 -10 -9 -9 ------- Run | Scr Mat Mat Sto Peak Influence 669 | . 138 633 669 Initial 265 | . . 9 265 Average 319 | . 23 369 469 Maximum Alert Level 2 | . . 2 2 Low Security (%) 32 | 100 100 19 . Level 1 21 | . . 33 20 Level 2 46 | . . 47 79 Level 3 . | . . . . Level 4 . | . . . . Level 5 . | . . . . High Security . | . . . . Max Security . | . . . . Squads Dispatched 10 | . . 6 4 Investigation 4 | . . 2 2 Extermination . | . . . . Reinforcement 6 | . . 4 2 Assault . | . . . . Garrison . | . . . . Intercept . | . . . . Searches Triggered . | . . . . Construction Impeded . | . . . . Haulers Reinforced . | . . . . Active Scanning Responses . | . . . . Cargo Convoy Interrupts . | . . . . Stealth | -11 -10 -9 -9 --------- Run | Scr Mat Mat Sto Distress Signals 11 | . . 7 4 Communications Jammed . | . . . . Distress Signals . | . . . . Times Spotted 89 | . 13 40 36 Peak Tracking Total 10 | . 4 6 10 Tactical Retreats 5 | . . 3 2 Traps | -11 -10 -9 -9 ------- Run | Scr Mat Mat Sto Traps Triggered 6 | . . 1 5 Indirectly . | . . . . Trap Hack Attempts . | . . . . Triggered . | . . . . Disarmed 6 | . 6 . . Reprogrammed . | . . . . Reused . | . . . . Traps Extracted . | . . . . Installed . | . . . . Triggered . | . . . . Machines | -11 -10 -9 -9 ---------- Run | Scr Mat Mat Sto Machines Disabled 3 | . . 1 2 Max in Single Turn 1 | . . 1 1 Garrison Access 1 | . . . 1 Machines Sabotaged . | . . . . Garrisons Compromised . | . . . . Overloaded Fab Kills . | . . . . Hacking | -11 -10 -9 -9 --------- Run | Scr Mat Mat Sto Machines Accessed 29 | . 11 8 10 Terminals 19 | . 8 4 7 Fabricators . | . . . . Repair Stations 4 | . 1 2 1 Recycling Units 4 | . 2 1 1 Scanalyzers 1 | . . 1 . Garrison Access 1 | . . . 1 Total Hacks 100 | . 38 31 31 Successful 47 | . 22 14 11 Failed 51 | . 15 16 20 Catastrophic 3 | . 1 . 2 Database Lockouts 2 | . 1 1 . Manual 48 | . 21 12 15 Terminals 69 | . 29 21 19 Fabricators . | . . . . Repair Stations 13 | . 2 7 4 Recycling Units 11 | . 7 2 2 Scanalyzers 1 | . . 1 . Garrison Access 6 | . . . 6 Terminal Hacks 25 | . 12 8 5 Robot Analysis 6 | . 2 3 1 Open Door 1 | . . . 1 Terminal Index 3 | . 1 1 1 Alert Level 2 | . 1 . 1 Unreport Threat 4 | . 3 . 1 Disarm Traps 1 | . 1 . . Dispatch Records 1 | . 1 . . Surveillance Status 1 | . 1 . . Transport Status 1 | . . 1 . Reinforcement Status 1 | . . 1 . Hauler Manifests 1 | . 1 . . Registered Components 1 | . . 1 . Zone Layout 2 | . 1 1 . Fabricator Hacks . | . . . . Repair Station Hacks 9 | . 2 3 4 Scan Component 5 | . 1 2 2 Repair 4 | . 1 1 2 Recycling Unit Hacks 3 | . 3 . . Retrieve Matter 1 | . 1 . . Retrieve Components 2 | . 2 . . Scanalyzer 1 | . . 1 . Insert Component 1 | . . 1 . Garrison Access Hacks 1 | . . . 1 Seal Access 1 | . . . 1 Unauthorized Hacks 8 | . 5 2 1 Terminals 6 | . 3 2 1 Assimilate 1 | . 1 . . Botnet 2 | . 1 1 . Operators 3 | . 1 1 1 Fabricators . | . . . . Repair Stations . | . . . . Recycling Units 2 | . 2 . . Monitor 1 | . 1 . . Reject 1 | . 1 . . Scanalyzers . | . . . . Garrison Access . | . . . . Data Cores Recovered . | . . . . Used . | . . . . Hacking Detections 27 | . 9 8 10 Full Trace Events 4 | . . 2 2 Feedback Events . | . . . . Feedback Blocked . | . . . . Robot Schematics Acquired . | . . . . Robots Built . | . . . . Authchips . | . . . . Time . | . . . . Total Robot Build Rating . | . . . . Part Schematics Acquired . | . . . . Parts Built . | . . . . Authchips . | . . . . Time . | . . . . Total Part Build Rating . | . . . . Parts Repaired 4 | . 1 1 2 Time 128 | . 26 32 70 Parts Recycled . | . . . . Recycled Matter . | . . . . Retrieved Matter . | . . . . Retrieved Components 1 | . 1 . . Parts Scanalyzed . | . . . . Part Schematics Acquired . | . . . . Parts Damaged . | . . . . Bothacking | -11 -10 -9 -9 ------------ Run | Scr Mat Mat Sto Used RIF Installer . | . . . . Robots Hacked . | . . . . Non-combat . | . . . . Combat . | . . . . Robot Hacks Applied . | . . . . Relay Couplers Released . | . . . . Fabnet Peak Effective % . | . . . . Robots Rewired . | . . . . Allies Hacked . | . . . . Hacks Repelled . | . . . . Allies | -11 -10 -9 -9 -------- Run | Scr Mat Mat Sto Total Allies 1 | . 1 . . Largest Group 1 | . 1 1 . Highest-Rated Group 10 | . 10 10 . Highest-Rated Ally 10 | . 10 10 . Total Orders 3 | . 2 1 . STAY 2 | . 1 1 . FOLLOW 1 | . 1 . . Ally Attacks . | . . . . Total Damage . | . . . . Kills . | . . . . Allies Corrupted . | . . . . Allies Melted . | . . . . Intel | -11 -10 -9 -9 ------- Run | Scr Mat Mat Sto Robot Analysis Total 6 | . 2 3 1 Derelict Logs Recovered . | . . . . Drone Launches . | . . . . Drone Recoveries . | . . . . Exploration | -11 -10 -9 -9 ------------- Run | Scr Mat Mat Sto Turns Passed 4237 | 59 954 1814 1410 Spaces Moved 2853 | 51 913 1290 599 Core 16 | 16 . . . Treads . | . . . . Legs . | . . . . Wheels 2837 | 35 913 1290 599 Hover . | . . . . Flight . | . . . . Fastest Speed 50 | 50 80 80 90 Average Speed 90 | 87 83 94 92 Slowest Speed 200 | 200 90 110 105 Overloaded Moves . | . . . . Propulsion Burnouts . | . . . . Robots Hopped . | . . . . Cave-ins Triggered . | . . . . Exploration Rate (%) 64 | 4 88 86 78 Regions Visited 3 Branch Regions 1 Pre-discovered Areas . | . . . . Known Exits Taken 1 | . . 1 . Unknown Exits Taken 2 | 1 1 . . Scrap Searched . | . . . . Spaces Dug . | . . . . Terrain Destroyed . | . . . . Melee . | . . . . Projectile . | . . . . AOE . | . . . . Terrain Rammed . | . . . . Walls Destroyed . | . . . . Machines Disabled . | . . . . Actions | -11 -10 -9 -9 --------- Run | Scr Mat Mat Sto Total 4103 | 63 1034 1685 1321 Wait 857 | . 47 196 614 Move 2850 | 50 912 1289 599 Hop . | . . . . Pick Up 50 | 8 11 28 3 Fast Attach 15 | 4 2 6 3 Attach 16 | 1 4 6 5 Detach . | . . . . Swap 17 | . 5 10 2 Drop 42 | . 12 29 1 Fire 244 | . 40 120 84 Melee 2 | . . . 2 Ram 2 | . 1 1 . Kick . | . . . . Crush . | . . . . Escape Stasis 8 | . . . 8 Rewire . | . . . . Trap . | . . . . Miscellaneous . | . . . . Route ------- -11/Scrapyard -10/Materials (discovered 4 exits: *Mat x3 / [*Min]) -9/Materials (discovered 6 exits: *Mat x3 / *Min / *Sto x2) -9/Storage (discovered 1 exit: [*Rec]) History --------- Turn | Location | Event 4 | -11/Scrapyard | Discovered new exit (range 15) 60 | -11/Scrapyard | Entered Materials 153 | -10/Materials | Discovered new exit (range 3) 310 | -10/Materials | Build established: Mutant 344 | -10/Materials | Central database locked down 417 | -10/Materials | Discovered new exit (range 11) 492 | -10/Materials | Core integrity fell below 50% 514 | -10/Materials | Discovered new exit (range 15) 692 | -10/Materials | Discovered new exit (range 5) 847 | -10/Materials | Repaired Ion Engine 888 | -10/Materials | Build established: Scavenger-Mutant 1014 | -10/Materials | Entered another Materials area 1014 | -9/Materials | Accompanied by 1 ally 1014 | -9/Materials | Evolved 2 slots: Utility x2 1312 | -9/Materials | Build established: Scavenger-Skirmisher 1527 | -9/Materials | Discovered new exit (range 18) 1827 | -9/Materials | Discovered new exit (range 14) 1887 | -9/Materials | Identified exit to Storage 2061 | -9/Materials | Discovered new exit (range 9) 2070 | -9/Materials | Identified exit to Materials 2110 | -9/Materials | Central database locked down 2222 | -9/Materials | Discovered exit to Storage (range 5) 2431 | -9/Materials | Discovered exit to Materials (range 17) 2563 | -9/Materials | Discovered new exit (range 17) 2623 | -9/Materials | Repaired Arm. Wheel 2660 | -9/Materials | Identified exit to Mines 2828 | -9/Materials | Entered Storage 2869 | -9/Storage | Core integrity fell below 50% 3117 | -9/Storage | Repaired Arm. Wheel 3155 | -9/Storage | Repaired Minigun 3298 | -9/Storage | Build established: Mutant 3348 | -9/Storage | Core integrity fell below 20% 3743 | -9/Storage | Used back door to open Recycling access 3743 | -9/Storage | Discovered new exit (range 4) 4238 | -9/Storage | Destroyed by G-34 Mercenary with Small Laser Last Messages --------------- 04125_ ALERT: Hostiles spotted, dispatching reinforcements to Terminal S006. 04130_ Connecting with Terminal... 04130_ ALERT: Suspicious activity at Terminal S004. Dispatching Investigation squad. 04185_ Y-45 Defender destroyed. 04185_ Terminal disabled. 04200_ G-34 Mercenary destroyed. 04208_ Acquired 49 matter. 04218_ G-34 Mercenary destroyed. 04219_ Acquired 42 matter. 04222_ Minigun destroyed. 04224_ Cld. Ion Engine destroyed. 04226_ Minigun destroyed. 04227_ G-34 Mercenary destroyed. 04228_ Acquired 38 matter. 04232_ G-34 Mercenary destroyed. 04233_ Acquired 16 matter. 04234_ G-34 Mercenary destroyed. 04235_ Acquired 8 matter. Map ----- +----------------------------------------------------+ | | | ??????????????????????????????????????????????? | | ??????????????????????????????????????????????? | | ???????????????????????????????????????????#### | | ???????????????????????????#######?????????# " | | ???????????????????????????#"""""####??????#"G" | | ???????????#################""T""##T########" " | | ??????????? ^ ^ | | ??????????? ^ | | ??????????? """"" """ " | | ???????????###########"" """"" """ " | | ???????????# #"T """"" """ " | | ???????????# #" % | | ???????????+ + | | ???????????# """ """ # | | ???????????# """ """ ## #####"####### ###T## | | ???????????# """ """ ##!# #?######?###? | | ???????????# ##!/ #???????????? | | ???????????# ##%# #???????????? | | ??????#????###+########=# #???????????? | | ??????# ????# #??????#!# !!#???????????? | | ??????# ??# #??????# # !!#???????????? | | ??????+ = # ######## # #???????????? | | ??????# ! + =# #???????????? | | ??????# # ########g#### ######???????????? | | ??????# ??# #????#=@%==[##?????????????????? | | ??????###????# #????#[!!*% #??????????????????? | | ?????????????# #????#=!""" #??????????????????? | | ?????????????# #????# """ #??????????????????? | | ????????????## ##???# """ #??????????????????? | | ????????????# #???#! #??????????????????? | | ????????????+ #???########??????????????????? | | ????????????# #?????????????????????????????? | | ????????????## ##?????????????????????????????? | | ???#?????????# #??????????????????????????????? | | ???# ????????# #########??????????????????????? | | ???# ???????# ## #??????????????????????? | | ???# ??????# ## #??????????????????????? | | ???# ????## ## """ #??????????????###?????? | | ???# ##### = # """ #?????????????? ?????? | | ???# + """ #?????????????# ?????? | | ???# ! # #?????????????# ?????? | | ???# [[###########?????????????# ?????? | | ???# !%=%=!= #????????????????# ?????? | | ???# ##+##### #????????????????# +????? | | ???# ????????# #########????????# #????? | | ???# ?????????+ ^ # #????????# #????? | | ???##??????????####+## # #????????+ #????? | | ????????????????# #=# #????????# %#????? | | ????????????????# +[+ [[[#????????# #????? | +----------------------------------------------------+ Best States ------------- Heat Dissipation 28 Energy Generation 14 Energy Capacity 280 Matter Stores 300 Matter Capacity 300 Sight Range 18 Robot Scan Range 14 Terrain Scan Density 10 Evasion (%) 50 Targeting Accuracy 6 Item Schematics ----------------- None Robot Schematics ------------------ None Fabricated ------------ Nothing Alien Tech Used ----------------- None Achievements -------------- None Challenges ------------ None Game ------ Seed AssaultHardenedWell Manual? 0 Play Time 00:43:49 Cumulative 104.0 hours Start 2022.05.14 @ 13:50:06 End 2022.05.14 @ 14:29:55 Sessions 1 Manual Loads 0 Difficulty Rogue Special Mode None Game No. 138 Rogue 138 Adventurer 0 Explorer 0 Win Type - Total 1 Types 1/0/0/0/0/0/0/0/0 Lore% 58 Gallery% 55 Achievement% 48 Wizard Run 0 Options --------- ASCII 0 Keyboard 0 Movement Numpad Keybinds 0 Fullscreen 1 Font 18/X11Bold Map View 76x50 Tactical HUD 1 Map Filters NONE Filters NONE Steam X RUN: 849bdb55-fa5b-4570-b7ee-f8ccd6961d29